MLB
TAMPA BAY RAYS @ NEW YORK YANKEES
06/15/2018
 
TOP OF THE 1ST
Tampa Bay Rays batting - Pitching for New York Yankees : RHP Zack Greinke
Pitching: RHP Zack Greinke
Batting: LHB Michael Conforto 0-0: Swinging Strike
0-1: Foul Ball, location: 2F
0-2: Ball
1-2: Ball
2-2: DOUBLE (Line Drive, 89D)
Batting: RHB A.J. Pollock 0-0: Called Strike
0-1: Foul Ball, location: 2F
0-2: DOUBLE (Line Drive, 9LM)
Michael Conforto scores
Batting: LHB Joey Votto 0-0: Ball
1-0: Fly out, F8 (Flyball, 8LD)
Batting: RHB Gary Sanchez 0-0: Called Strike
0-1: SINGLE (Groundball, 6D)
A.J. Pollock to third
Runner from 3rd tries for Home, SAFE, no throw by LF
Pitching: RHP Randall Delgado
Batting: SHB Neil Walker 0-0: Called Strike
0-1: Swinging Strike
0-2: Strikes out swinging
Batting: LHB Chris Davis 0-0: Ball
1-0: Foul Ball, location: 2F
1-1: Called Strike
1-2: Ground out 4-3 (Groundball, 34)
Top of the 1st over - 2 runs, 3 hits, 0 errors, 1 left on base; Tampa Bay 2 - New York 0
BOTTOM OF THE 1ST
New York Yankees batting - Pitching for Tampa Bay Rays : LHP Drew Smyly
Pitching: LHP Drew Smyly
Batting: RHB Manny Margot 0-0: Ground out 4-3 (Groundball, 4)
Batting: RHB Anthony Rendon 0-0: Called Strike
0-1: Foul Ball, location: 2F
0-2: Ball
1-2: Ball
2-2: Ground out 1-3 (Groundball, 13S)
Batting: RHB Ryan Braun 0-0: Ball
1-0: Called Strike
1-1: Fly out, F7 (Flyball, 7LSF)
Bottom of the 1st over - 0 runs, 0 hits, 0 errors, 0 left on base; Tampa Bay 2 - New York 0
TOP OF THE 2ND
Tampa Bay Rays batting - Pitching for New York Yankees : RHP Randall Delgado
Batting: SHB Robbie Grossman 0-0: Ball
1-0: Ball
2-0: Foul Ball, location: 2F
2-1: Ball
3-1: Swinging Strike
3-2: Foul Ball, location: 2F
3-2: Foul Ball, location: 2F
3-2: Foul Ball, location: 2F
3-2: TRIPLE (Line Drive, 89XD)
Batting: RHB Adrian Beltre 0-0: Swinging Strike
0-1: Swinging Strike
0-2: Foul Ball, location: 2F
0-2: Strikes out swinging
Batting: RHB Matt Duffy 0-0: Ball
1-0: Ball
2-0: Called Strike
2-1: Fly out, F7 (Flyball, 7S)
Batting: LHB Michael Conforto 0-0: Called Strike
0-1: Ball
1-1: Ball
2-1: Foul Ball, location: 2F
2-2: Ball
3-2: SINGLE (Flyball, 9S) - OUT at second base trying to stretch hit.
Robbie Grossman scores
Top of the 2nd over - 1 run, 2 hits, 0 errors, 0 left on base; Tampa Bay 3 - New York 0
BOTTOM OF THE 2ND
New York Yankees batting - Pitching for Tampa Bay Rays : LHP Drew Smyly
Batting: RHB Jose Abreu 0-0: Called Strike
0-1: Ball
1-1: Ball
2-1: SINGLE (Line Drive, 89S)
Batting: RHB Devon Travis 0-0: Grounds into double play, 6-4-3 (Groundball, 6)
Batting: LHB Willie Calhoun 0-0: Swinging Strike
0-1: Ball
1-1: Ground out 6-3 (Groundball, 6D)
Bottom of the 2nd over - 0 runs, 1 hit, 0 errors, 0 left on base; Tampa Bay 3 - New York 0
TOP OF THE 3RD
Tampa Bay Rays batting - Pitching for New York Yankees : RHP Randall Delgado
Batting: RHB A.J. Pollock 0-0: Ball
1-0: Swinging Strike
1-1: Foul Ball, location: 2F
1-2: Strikes out looking
Batting: LHB Joey Votto 0-0: Ball
1-0: Ball
2-0: Ball
3-0: Base on Balls
Pitching: LHP Xavier Cedeno
Batting: RHB Gary Sanchez 0-0: Called Strike
0-1: Ball
1-1: Grounds into double play, U4-3 (Groundball, 6M)
Top of the 3rd over - 0 runs, 0 hits, 0 errors, 0 left on base; Tampa Bay 3 - New York 0
BOTTOM OF THE 3RD
New York Yankees batting - Pitching for Tampa Bay Rays : LHP Drew Smyly
Batting: RHB Enrique Hernandez 0-0: Called Strike
0-1: Called Strike
0-2: Ball
1-2: Ball
2-2: Ball
3-2: Foul Ball, location: 2F
3-2: Strikes out swinging
Batting: RHB Francisco Cervelli 0-0: Foul Ball, location: 2F
0-1: Called Strike
0-2: Ground out 4-3 (Groundball, 4)
Batting: LHB Brandon Crawford 0-0: Ball
1-0: Foul Ball, location: 2F
1-1: SINGLE (Line Drive, 34)
Batting: RHB Manny Margot 0-0: Foul Ball, location: 2F
0-1: Ball
1-1: Ball
2-1: Ball
3-1: Foul Ball, location: 2F
3-2: SINGLE (Groundball, 34D)
Brandon Crawford to second
Brandon Crawford to third
Batting: RHB Anthony Rendon 0-0: Called Strike
0-1: Ball
1-1: Foul Ball, location: 2F
1-2: Fielders Choice at 2nd, 6-4 (Groundball, 6)
Bottom of the 3rd over - 0 runs, 2 hits, 0 errors, 2 left on base; Tampa Bay 3 - New York 0
TOP OF THE 4TH
Tampa Bay Rays batting - Pitching for New York Yankees : LHP Xavier Cedeno
Batting: SHB Neil Walker 0-0: Ball
1-0: Swinging Strike
1-1: Ball
2-1: Ball
3-1: Reached on error, E2 (Groundball, 15S)
Batting: LHB Chris Davis 0-0: Swinging Strike
0-1: Ball
1-1: Fly out, F9 (Flyball, 9D)
Runner from 2nd tags up, SAFE at 3rd, no throw by RF
Batting: SHB Robbie Grossman 0-0: Fly out, F7 (Flyball, 7LSF)
Runner from 3rd tags up, SCORES, no throw by LF
Batting: RHB Adrian Beltre 0-0: Foul Ball, location: 2F
0-1: Called Strike
0-2: Ball
1-2: Ground out 5-3 (Groundball, 5)
Top of the 4th over - 1 run, 0 hits, 1 error, 0 left on base; Tampa Bay 4 - New York 0
BOTTOM OF THE 4TH
New York Yankees batting - Pitching for Tampa Bay Rays : LHP Drew Smyly
Batting: RHB Ryan Braun 0-0: Ball
1-0: SINGLE (Groundball, 6MD)
Batting: RHB Jose Abreu 0-0: Ball
1-0: Foul Ball, location: 2F
1-1: SINGLE (Flyball, 8RS)
Ryan Braun to second
Batting: RHB Devon Travis 0-0: Called Strike
0-1: Ball
1-1: Foul Ball, location: 2F
1-2: Strikes out swinging
Batting: LHB Willie Calhoun 0-0: Ball
1-0: Swinging Strike
1-1: Ball
2-1: Fielders Choice at 2nd, 4-6 (Groundball, 4)
Ryan Braun to third
Batting: RHB Enrique Hernandez 0-0: Called Strike
0-1: Ball
1-1: Ball
2-1: Fly out, F3 (Popup, 3SF)
Bottom of the 4th over - 0 runs, 2 hits, 0 errors, 2 left on base; Tampa Bay 4 - New York 0
TOP OF THE 5TH
Tampa Bay Rays batting - Pitching for New York Yankees : LHP Xavier Cedeno
Batting: RHB Matt Duffy 0-0: Ball
1-0: Ball
2-0: Ball
3-0: Base on Balls
Batting: LHB Michael Conforto 0-0: Ball
1-0: Fly out, F9 (Flyball, 9LM)
Pitching: RHP Josh Lucas
Batting: RHB A.J. Pollock 0-0: Called Strike
0-1: Called Strike
0-2: Ball
1-2: SINGLE (Line Drive, 7S)
Matt Duffy to second
Batting: LHB Joey Votto 0-0: Ball
1-0: Called Strike
1-1: Ball
2-1: Ball
3-1: Swinging Strike
3-2: Strikes out looking
Batting: RHB Gary Sanchez 0-0: Ball
1-0: Called Strike
1-1: Foul Ball, location: 2F
1-2: Foul Ball, location: 2F
1-2: Ball
2-2: SINGLE (Line Drive, 6MD)
Matt Duffy to third
A.J. Pollock to second
Runner from 3rd tries for Home, SAFE, no throw by CF
Batting: SHB Neil Walker 0-0: Ball
1-0: Foul Ball, location: 2F
1-1: Ball
2-1: Foul Ball, location: 2F
2-2: Ball
3-2: Fly out, F9 (Flyball, 89D)
Top of the 5th over - 1 run, 2 hits, 0 errors, 2 left on base; Tampa Bay 5 - New York 0
BOTTOM OF THE 5TH
New York Yankees batting - Pitching for Tampa Bay Rays : LHP Drew Smyly
Batting: RHB Francisco Cervelli 0-0: Ball
1-0: Called Strike
1-1: Swinging Strike
1-2: Fly out, F9 (Line Drive, 9)
Batting: LHB Brandon Crawford 0-0: Ball
1-0: Ball
2-0: Ball
3-0: Base on Balls
Batting: RHB Manny Margot 0-0: Ball
1-0: Fly out, F7 (Line Drive, 7)
Batting: RHB Anthony Rendon 0-0: Ball
1-0: Ball
2-0: SINGLE (Line Drive, 9LS)
Brandon Crawford to second
Batting: RHB Ryan Braun 0-0: Ball
1-0: Fly out, F7 (Line Drive, 7D)
Bottom of the 5th over - 0 runs, 1 hit, 0 errors, 2 left on base; Tampa Bay 5 - New York 0
TOP OF THE 6TH
Tampa Bay Rays batting - Pitching for New York Yankees : RHP Josh Lucas
Pitching: RHP Shane Greene
Batting: LHB Chris Davis 0-0: Called Strike
0-1: Ball
1-1: Ball
2-1: Swinging Strike
2-2: Ball
3-2: Strikes out looking
Batting: SHB Robbie Grossman 0-0: Foul Ball, location: 2F
0-1: Foul Ball, location: 2F
0-2: Ground out 4-3 (Groundball, 4)
Batting: RHB Adrian Beltre 0-0: Ball
1-0: Foul Ball, location: 2F
1-1: Swinging Strike
1-2: Foul Ball, location: 2F
1-2: Ball
2-2: Foul Ball, location: 2F
2-2: Foul Ball, location: 2F
2-2: Foul Ball, location: 2F
2-2: Ball
3-2: Ground out 2-3 (Groundball, 15S)
Top of the 6th over - 0 runs, 0 hits, 0 errors, 0 left on base; Tampa Bay 5 - New York 0
BOTTOM OF THE 6TH
New York Yankees batting - Pitching for Tampa Bay Rays : LHP Drew Smyly
Batting: RHB Jose Abreu 0-0: Ball
1-0: Ball
2-0: Swinging Strike
2-1: Ground out 1-3 (Groundball, 13S)
Batting: RHB Devon Travis 0-0: Ball
1-0: Called Strike
1-1: Ball
2-1: Ground out 6-3 (Groundball, 6)
Batting: LHB Willie Calhoun 0-0: Fly out, F6 (Popup, 4MS)
Bottom of the 6th over - 0 runs, 0 hits, 0 errors, 0 left on base; Tampa Bay 5 - New York 0
TOP OF THE 7TH
Tampa Bay Rays batting - Pitching for New York Yankees : RHP Shane Greene
Batting: RHB Matt Duffy 0-0: Called Strike
0-1: Called Strike
0-2: Ball
1-2: Strikes out swinging
Batting: LHB Michael Conforto 0-0: SINGLE (Groundball, 34D)
Batting: RHB A.J. Pollock 0-0: SINGLE (Line Drive, 4MD)
Michael Conforto to second
Runner from 2nd tries for 3rd, SAFE, throw by CF made to third
Pitching: LHP Josh Hader
Batting: LHB Joey Votto 0-0: Ball
Wild Pitch!
Michael Conforto scores
A.J. Pollock to second
1-0: Swinging Strike
1-1: Ball
2-1: Foul Ball, location: 2F
2-2: Ball
3-2: Foul Ball, location: 2F
3-2: Ground out 4-3 (Groundball, 4)
A.J. Pollock to third
Batting: RHB Gary Sanchez 0-0: Ball
1-0: Ball
2-0: Ball
3-0: Base on Balls
Batting: SHB Neil Walker 0-0: SINGLE (Groundball, 34D)
A.J. Pollock scores
Gary Sanchez to second
Runner from 2nd tries for 3rd, SAFE, throw by RF made to third
Batting: LHB Chris Davis 0-0: Foul Ball, location: 2F
Pickoff Throw to First - Out! 1-3
Top of the 7th over - 2 runs, 3 hits, 0 errors, 1 left on base; Tampa Bay 7 - New York 0
BOTTOM OF THE 7TH
New York Yankees batting - Pitching for Tampa Bay Rays : LHP Drew Smyly
Batting: RHB Enrique Hernandez 0-0: Foul Ball, location: 2F
0-1: Ball
1-1: Fly out, F9 (Flyball, 9S)
Batting: RHB Francisco Cervelli 0-0: Called Strike
0-1: Ball
1-1: Foul Ball, location: 2F
1-2: Foul Ball, location: 2F
1-2: Foul Ball, location: 2F
1-2: Foul Ball, location: 2F
1-2: Ball
2-2: Foul Ball, location: 2F
2-2: DOUBLE (Line Drive, 7LM)
Batting: LHB Brandon Crawford 0-0: Ball
1-0: Ball
2-0: Called Strike
2-1: SINGLE (Line Drive, 9S)
Francisco Cervelli to third
Batting: RHB Manny Margot 0-0: Ball
1-0: Foul Ball, location: 2F
1-1: SINGLE (Line Drive, 9LS)
Francisco Cervelli scores
Brandon Crawford to second
Runner from 2nd tries for 3rd, SAFE, throw by RF made to third
Pitching: RHP Frankie Montas
Batting: RHB Anthony Rendon 0-0: Called Strike
0-1: Foul Ball, location: 2F
0-2: Strikes out swinging
Batting: RHB Ryan Braun 0-0: SINGLE (Groundball, 34D)
Brandon Crawford scores
Manny Margot to second
Runner from 2nd tries for 3rd, SAFE, throw by RF made to third
Batting: RHB Jose Abreu 0-0: Ball
1-0: Ground out 6-3 (Groundball, 6MS)
Bottom of the 7th over - 2 runs, 4 hits, 0 errors, 2 left on base; Tampa Bay 7 - New York 2
TOP OF THE 8TH
Tampa Bay Rays batting - Pitching for New York Yankees : LHP Josh Hader
Batting: LHB Chris Davis 0-0: Called Strike
0-1: Ball
1-1: Foul Ball, location: 2F
1-2: Foul Ball, location: 2F
1-2: Ball
2-2: Ball
3-2: Foul Ball, location: 2F
3-2: Fly out, F6 (Popup, 4M)
Batting: SHB Robbie Grossman 0-0: Fly out, F9 (Flyball, 9LM)
Batting: RHB Adrian Beltre 0-0: Foul Ball, location: 2F
0-1: Ball
1-1: Swinging Strike
1-2: Ball
2-2: Fly out, F5 (Line Drive, 5)
Top of the 8th over - 0 runs, 0 hits, 0 errors, 0 left on base; Tampa Bay 7 - New York 2
BOTTOM OF THE 8TH
New York Yankees batting - Pitching for Tampa Bay Rays : RHP Frankie Montas
Batting: RHB Devon Travis 0-0: Ball
1-0: Called Strike
1-1: Swinging Strike
1-2: Strikes out looking
Batting: LHB Willie Calhoun 0-0: Ball
1-0: Called Strike
1-1: Fly out, F8 (Line Drive, 8RM)
Batting: RHB Enrique Hernandez 0-0: Ball
1-0: Ball
2-0: Fly out, F8 (Flyball, 8RM)
Bottom of the 8th over - 0 runs, 0 hits, 0 errors, 0 left on base; Tampa Bay 7 - New York 2
TOP OF THE 9TH
Tampa Bay Rays batting - Pitching for New York Yankees : LHP Josh Hader
Batting: RHB Matt Duffy 0-0: SINGLE (Groundball, 4D)
Batting: LHB Michael Conforto 0-0: Ball
1-0: Foul Ball, location: 2F
1-1: Swinging Strike
1-2: Foul Ball, location: 2F
1-2: Fly out, F9 (Flyball, 9LS)
Batting: RHB A.J. Pollock 0-0: Foul Ball, location: 2F
0-1: Called Strike
0-2: Ball
1-2: Ball
2-2: Ball
3-2: Base on Balls
Matt Duffy to second
Batting: LHB Joey Votto 0-0: Ball
1-0: Ball
2-0: Called Strike
2-1: Foul Ball, location: 2F
2-2: Ball
3-2: Base on Balls
Matt Duffy to third
A.J. Pollock to second
Batting: RHB Gary Sanchez 0-0: Swinging Strike
0-1: Ball
1-1: Ball
2-1: SINGLE (Line Drive, 5D)
Matt Duffy scores
A.J. Pollock to third
Joey Votto to second
Runner from 3rd tries for Home, SAFE, no throw by LF
Batting: SHB Neil Walker 0-0: Ball
1-0: Swinging Strike
1-1: Ball
2-1: Ball
3-1: Base on Balls
Joey Votto to third
Gary Sanchez to second
Batting: LHB Chris Davis 0-0: Ball
1-0: Ball
2-0: Ball
3-0: Called Strike
3-1: SINGLE (Line Drive, 34)
Joey Votto scores
Gary Sanchez to third
Neil Walker to second
Batting: SHB Robbie Grossman 0-0: Ball
1-0: Ball
2-0: Ball
Wild Pitch!
Gary Sanchez scores
Neil Walker to third
Chris Davis to second
3-0: Base on Balls
Pitching: LHP John Danks
Batting: RHB Adrian Beltre 0-0: Called Strike
0-1: SINGLE (Line Drive, 9LS)
Neil Walker scores
Chris Davis to third
Robbie Grossman to second
Runner from 3rd tries for Home, SAFE, throw by RF to home
Batting: RHB Matt Duffy 0-0: Called Strike
0-1: Foul Ball, location: 2F
0-2: Ball
1-2: Foul Ball, location: 2F
1-2: Fly out, F8 (Line Drive, 8LM)
Batting: LHB Michael Conforto 0-0: Ball
1-0: Ground out 6-3 (Groundball, 4D)
Top of the 9th over - 6 runs, 4 hits, 0 errors, 2 left on base; Tampa Bay 13 - New York 2
BOTTOM OF THE 9TH
New York Yankees batting - Pitching for Tampa Bay Rays : RHP Frankie Montas
Batting: RHB Francisco Cervelli 0-0: Called Strike
0-1: Foul Ball, location: 2F
0-2: Foul Ball, location: 2F
0-2: Ball
1-2: Foul Ball, location: 2F
1-2: Hit by Pitch
Batting: LHB Brandon Crawford 0-0: Ball
1-0: Swinging Strike
1-1: Foul Ball, location: 2F
1-2: Fly out, F7 (Flyball, 7D)
Batting: RHB Manny Margot 0-0: Called Strike
0-1: Ball
1-1: Foul Ball, location: 2F
1-2: Strikes out swinging
Batting: RHB Anthony Rendon 0-0: Called Strike
0-1: Foul Ball, location: 2F
0-2: Fly out, F9 (Flyball, 9S)
Bottom of the 9th over - 0 runs, 0 hits, 0 errors, 1 left on base; Tampa Bay 13 - New York 2
Wednesday, August 22nd, 2018 - OOTP Baseball 19.8 Build 70